Map: [ESL] Alcyone

Players

BabyMarine

  • Race: Terran Terran
  • Spawn Location: 7:00

Stephano - Winner!

  • Race: Zerg Zerg
  • Spawn Location: 1:00

Event: HomeStory Cup XXIV

VOD

Have the link to the VOD?

Description

Time

  • Played on: Dec. 2, 2023, 11:15 a.m.
  • Length: 19:55

All games in this series

Show
View Real Time Build Order
Export as new Build Order

BabyMarine Terran 

Build Orders: Reaper Expand, Hellion Banshee 

Get SALT Encoding   

  12  0:00  SCV  
  13  0:12  SCV  
  14  0:16  Supply Depot  
  14  0:24  SCV  
  15  0:38  SCV  
  15  0:40  Barracks  
  16  0:43  Refinery  
  16  0:50  SCV  
  17  1:02  SCV  
  18  1:14  SCV  
  19  1:26  Reaper  
  19  1:27  Orbital Command  
  20  1:40  Command Center  
  20  1:50  Supply Depot  
  20  1:52  SCV  
  21  1:58  Marine  
  22  2:04  SCV  
  23  2:13  Factory  
  23  2:16  SCV  
  23  2:21  Barracks Reactor  
  24  2:29  SCV  
  25  2:38  Command Center  
  25  2:41  SCV  
  26  2:51  Orbital Command  
  26  2:54  SCV  
  27  2:59  Starport  
  27  3:04  Refinery  
  27  3:06  SCV  
  27  3:10  Hellion  
  30  3:16  Hellion  
  30  3:17  SCV  
  34  3:20  SCV  
  34  3:21  Barracks Tech Lab  
  34  3:29  SCV  
  34  3:32  Hellion, SCV  
  38  3:37  Hellion  
  40  3:42  SCV  
  40  3:43  Banshee  
  40  3:44  SCV  
  45  3:50  Orbital Command  
  45  3:55  Cloaking Field  
  45  3:57  SCV x2  
  45  4:00  Hellion  
  45  4:02  Hellion  
  51  4:07  Supply Depot  
  51  4:11  SCV  
  51  4:12  Supply Depot, SCV  
  51  4:15  Barracks Tech Lab  
  53  4:19  SCV  
  53  4:21  Hellion  
  53  4:23  SCV  
  57  4:24  SCV  
  57  4:28  Banshee  
  57  4:31  Orbital Command, Supply Depot  
  61  4:34  Supply Depot  
  61  4:35  SCV  
  61  4:36  Stimpack, SCV  
  63  4:48  Refinery  
  63  4:50  Barracks x2, SCV  
  63  4:51  SCV  
  65  4:54  Factory Reactor  
  65  4:57  Engineering Bay, Refinery  
  65  4:59  SCV  
  66  5:00  Engineering Bay  
  66  5:04  SCV x2  
  68  5:09  Marine  
  68  5:12  SCV  
  70  5:16  Supply Depot  
  70  5:17  SCV x2  
  70  5:20  Barracks  
  72  5:22  Barracks  
  72  5:24  SCV  
  73  5:29  Marine, SCV  
  73  5:32  Terran Infantry Weapons Level 1, Starport Reactor, Terran Infantry Armor Level 1, SCV  
  76  5:38  SCV  
  76  5:40  Marine x2, Supply Depot  
  76  5:41  SCV  
  80  5:46  Siege Tank, Marine x2  
  80  5:47  Marine  
  80  5:48  SCV  
  87  5:50  SCV  
  87  5:53  SCV  
  89  5:58  Marine x2  
  89  6:00  SCV  
  89  6:02  SCV  
  93  6:04  Marine x2  
  93  6:05  SCV  
  93  6:09  Marine  
  93  6:12  SCV  
  93  6:13  Marine  
  93  6:14  SCV  
  93  6:16  Marine  
  93  6:18  Siege Tank, Medivac x2  
  97  6:19  SCV  
  97  6:24  SCV  
  97  6:25  Barracks Tech Lab, Marine  
  100  6:26  Marine x2  
  100  6:31  SCV x2  
  105  6:33  Combat Shield  
  105  6:34  Barracks Reactor  
  105  6:35  Marine x2  
  105  6:37  SCV  
  104  6:43  Marine, SCV  
  104  6:45  Supply Depot  
  104  6:47  Supply Depot  
  104  6:48  Medivac  
  104  6:49  Marine, Medivac  
  109  6:57  SCV, Marine  
  109  6:58  Marauder  
  109  7:02  Factory  
  109  7:07  SCV x2  
  109  7:08  Supply Depot  
  111  7:09  Siege Tank, Marine x3, Supply Depot, Marauder  
  111  7:11  SCV  
  111  7:14  Marine  
  111  7:15  Marine x2  
  121  7:19  SCV  
  121  7:21  Armory  
  122  7:26  Marauder  
  122  7:27  Marine x3  
  120  7:31  Marauder  
  120  7:32  Marine  
  120  7:35  Missile Turret  
  123  7:38  Missile Turret, SCV  
  123  7:41  SCV  
  119  7:46  Marine x5  
  119  7:47  Marauder  
  119  7:48  Siege Tank  
  119  7:49  Factory Tech Lab  
  119  7:50  Marine  
  122  7:52  Marauder  
  122  7:54  Refinery x2  
  122  7:56  Command Center  
  124  8:02  SCV x3  
  124  8:04  Marine x2  
  129  8:09  Supply Depot, Marauder  
  129  8:10  Supply Depot  
  129  8:11  Terran Infantry Weapons Level 2  
  131  8:16  Terran Infantry Armor Level 2  
  131  8:17  Barracks x2  
  131  8:18  SCV x2  
  131  8:19  Marine  
  134  8:21  Barracks, Marine x2  
  134  8:25  Marauder, Marine x2  
  140  8:31  Siege Tank  
  140  8:33  Terran Vehicle Weapons Level 1  
  133  8:51  Marauder x2, Marine x5  
  133  8:52  Siege Tank  
  145  8:59  Ghost Academy  
  145  9:01  Marine  
  145  9:02  Medivac x2  
  150  9:05  SCV x3  
  150  9:09  Marine  
  154  9:15  Barracks Tech Lab x2  
  154  9:16  Barracks Tech Lab, Marine x2  
  154  9:17  Marine x2  
  154  9:20  Siege Tank  
  159  9:27  Sensor Tower  
  159  9:30  Siege Tank, Marine x2  
  159  9:31  Marauder x2  
  154  9:33  SCV x3  
  154  9:34  Marine x2  
  158  9:45  Sensor Tower  
  158  9:47  Planetary Fortress  
  158  9:50  Medivac  
  158  9:52  Marauder  
  162  10:00  Refinery  
  162  10:01  Ghost, Refinery  
  162  10:03  Command Center  
  164  10:08  Ghost  
  164  10:14  Concussive Shells  
  159  10:25  Medivac x2  
  159  10:34  Command Center, Marauder, Marine x2  
  159  10:35  Marauder  
  165  10:37  SCV  
  165  10:38  Marauder, Marine x2  
  165  10:39  Marauder  
  157  10:45  Marine x2  
  157  10:46  Marauder  
  157  10:47  Siege Tank  
  157  10:48  Siege Tank  
  157  10:49  SCV  
  142  10:52  Marine x2  
  142  10:55  Marine  
  142  10:56  Marauder, Marine x2  
  144  10:57  SCV x3  
  144  11:00  Marauder  
  144  11:03  Medivac x2  
  151  11:08  Ghost  
  151  11:09  SCV x3  
  151  11:10  SCV  
  157  11:14  Marine x2  
  157  11:18  Command Center  
  159  11:21  SCV x2  
  161  11:34  Marauder x2, Marine x2  
  163  11:44  Marine  
  163  11:45  Marauder x3, Marine x3  
  162  11:56  Marine x2  
  162  11:57  Marauder x2  
  161  12:09  Ghost x2  
  160  12:17  SCV x2  
  160  12:19  SCV x2  
  148  12:23  Ghost x3  
  148  12:24  Siege Tank x2, Marine x5  
  148  12:25  Medivac x2, Marine  
  148  12:29  SCV  
  171  12:30  SCV  
  169  12:45  SCV  
  164  12:58  Orbital Command  
  164  13:05  Siege Tank x2  
  170  13:10  SCV  
  170  13:11  SCV  
  173  13:14  SCV  
  165  13:35  Refinery  
  165  13:37  Engineering Bay x2  
  165  13:38  Armory  
  165  13:40  SCV  
  166  13:44  SCV  
  166  13:45  SCV  
  140  13:50  Siege Tank  
  136  13:59  SCV  
  136  14:01  SCV  
  138  14:05  Ghost x2  
  138  14:06  Marine x6  
  148  14:11  Command Center  
  148  14:12  Refinery  
  148  14:13  SCV x2  
  150  14:18  SCV  
  150  14:21  Ghost  
  150  14:22  Ghost x2  
  150  14:24  Command Center  
  145  14:25  SCV x2  
  145  14:26  Siege Tank  
  145  14:30  SCV  
  151  14:37  SCV x2  
  149  14:42  Command Center, SCV  
  149  14:44  Ghost  
  145  14:49  SCV  
  145  14:50  Refinery  
  145  14:51  Planetary Fortress  
  146  14:53  SCV, Refinery  
  146  14:54  SCV  
  146  14:57  Marauder, Marine x4  
  146  14:58  Marauder x3, Marine  
  161  15:01  SCV  
  161  15:03  Sensor Tower  
  161  15:05  SCV  
  161  15:06  SCV  
  164  15:09  Marine  
  164  15:13  Marauder  
  167  15:15  Marine  
  154  15:21  SCV  
  147  15:35  SCV  
  142  15:37  Siege Tank  
  142  15:38  Siege Tank  
  142  15:40  Terran Infantry Weapons Level 3  
  147  15:42  Terran Infantry Armor Level 3  
  143  15:50  SCV  
  137  16:01  Ghost x2  
  136  16:04  Marine x4  
  136  16:05  Marine x2  
  136  16:09  Command Center  
  136  16:10  Refinery  
  142  16:11  Medivac  
  142  16:12  Medivac  
  142  16:13  SCV  
  142  16:20  Siege Tank x2  
  148  16:33  Marine x4  
  148  16:34  Marine x3  
  148  16:37  SCV x4  
  159  16:42  Medivac x2  
  153  16:59  Ghost x2  
  138  17:02  Marine x5  
  141  17:15  Ghost x3  
  143  17:16  Medivac x2  
  151  17:35  Siege Tank x2  
  157  17:38  SCV x3  
  160  17:46  Medivac  
  160  17:50  SCV x2  
  164  17:54  Marine x4  
  164  17:55  Marauder x2  
  164  17:56  Planetary Fortress  
  148  17:59  Refinery  
  148  18:04  Ghost x2  
  152  18:09  Ghost  
  152  18:10  Marine x2  
  152  18:12  Marine  
  150  18:14  SCV  
  146  18:22  Ghost x2  
  146  18:26  SCV  
  143  18:28  SCV x2  
  145  18:36  Ghost  
  145  18:39  SCV  
  148  18:44  Supply Depot  
  148  18:45  Supply Depot  
  148  18:56  Supply Depot  
  148  19:05  Ghost  
  148  19:06  Siege Tank x2  
  156  19:21  Command Center, Ghost, Missile Turret  
  156  19:22  Ghost  
  160  19:24  Missile Turret  
  151  19:40  SCV  
  151  19:43  SCV  
Show
View Real Time Build Order
Export as new Build Order

Stephano Zerg - Winner!

Build Orders: Hatch First, Roach Hydra 

Get SALT Encoding   

  12  0:00  Drone  
  13  0:12  Overlord  
  13  0:17  Drone  
  14  0:30  Drone x2  
  16  0:49  Hatchery  
  15  0:50  Drone  
  15  0:54  Drone  
  17  0:58  Drone  
  18  1:08  Extractor  
  17  1:12  Spawning Pool  
  17  1:15  Drone  
  17  1:19  Drone  
  18  1:27  Drone  
  19  1:38  Drone  
  20  1:49  Drone  
  21  2:00  Queen x2  
  25  2:01  Zergling x2  
  25  2:02  Zergling x2  
  27  2:11  Drone  
  27  2:12  Overlord  
  28  2:19  Hatchery  
  27  2:26  Drone  
  28  2:32  Drone x2  
  28  2:36  Drone  
  31  2:37  Queen  
  33  2:44  Drone  
  34  2:51  Overlord  
  34  2:52  Metabolic Boost  
  34  3:04  Drone x2  
  36  3:11  Drone x2  
  36  3:12  Drone x2  
  40  3:14  Drone  
  41  3:21  Drone, Queen  
  41  3:26  Overlord  
  44  3:32  Queen x2  
  48  3:36  Drone  
  48  3:38  Zergling x2  
  50  3:42  Overlord  
  50  3:54  Zergling x2  
  50  3:55  Zergling x2  
  52  3:56  Drone x3  
  52  3:57  Drone  
  52  3:59  Overlord  
  52  4:02  Drone x4  
  60  4:06  Drone x2  
  62  4:17  Drone x4  
  62  4:20  Overlord  
  62  4:21  Lair  
  62  4:24  Extractor  
  65  4:25  Extractor  
  65  4:26  Roach Warren  
  65  4:29  Drone x3  
  65  4:30  Overlord  
  66  4:35  Drone x2  
  66  4:36  Drone x2  
  70  4:43  Overlord  
  69  4:45  Drone  
  69  4:46  Drone x3, Evolution Chamber x2  
  71  4:54  Queen  
  71  4:55  Overlord  
  71  4:56  Spore Crawler  
  71  4:57  Spore Crawler  
  71  4:58  Spore Crawler  
  70  5:05  Overlord  
  70  5:06  Drone x3  
  70  5:07  Drone  
  74  5:09  Drone x2  
  74  5:10  Extractor  
  74  5:11  Extractor  
  74  5:15  Overlord  
  74  5:18  Drone  
  74  5:21  Zergling x8  
  79  5:23  Zerg Ground Armor Level 1  
  79  5:24  Zerg Missile Weapons Level 1  
  79  5:27  Glial Reconstitution  
  79  5:29  Extractor  
  79  5:31  Overseer  
  78  5:37  Roach x4  
  78  5:38  Roach  
  88  5:43  Drone x3  
  88  5:48  Roach x3  
  94  6:10  Drone x10  
  100  6:21  Drone x4  
  100  6:22  Drone  
  101  6:32  Roach x6  
  113  6:36  Hatchery  
  98  6:47  Roach x4  
  104  6:59  Roach x6  
  116  7:06  Roach x3  
  122  7:08  Overlord  
  122  7:09  Overlord  
  122  7:19  Overlord x2  
  122  7:20  Overlord  
  122  7:24  Overlord x2  
  122  7:26  Zerg Ground Armor Level 2, Zerg Missile Weapons Level 2  
  122  7:34  Drone x2  
  122  7:35  Drone  
  122  7:36  Hydralisk Den  
  124  7:44  Drone  
  124  7:46  Roach x5  
  134  7:54  Infestation Pit  
  133  8:05  Overlord x2  
  133  8:06  Muscular Augments  
  133  8:08  Hydralisk x12  
  133  8:11  Ravager x2  
  133  8:12  Ravager  
  160  8:26  Hydralisk x9  
  178  8:28  Overlord  
  178  8:33  Zergling x2  
  179  8:52  Hive  
  179  8:54  Drone x8  
  179  8:55  Extractor  
  186  8:58  Extractor  
  185  9:04  Hydralisk, Overlord  
  185  9:05  Hydralisk x3  
  185  9:07  Pneumatized Carapace  
  185  9:08  Overlord x2  
  190  9:10  Grooved Spines  
  186  9:46  Hatchery  
  186  9:52  Hydralisk x7  
  199  9:56  Zergling x2  
  183  10:26  Hydralisk x10  
  197  10:42  Hydralisk x5  
  175  10:51  Hydralisk x14  
  191  11:02  Drone  
  190  11:09  Zerg Ground Armor Level 3  
  183  11:13  Drone x9  
  183  11:16  Extractor x2  
  190  11:22  Zergling x16  
  190  11:23  Zergling x4, Zerg Missile Weapons Level 3  
  200  11:29  Hatchery  
  186  12:07  Drone x2  
  186  12:08  Drone x3  
  178  12:09  Drone  
  181  12:17  Hydralisk  
  181  12:18  Hydralisk x8  
  193  12:40  Hydralisk x3  
  191  13:03  Hydralisk x4  
  192  13:13  Drone x6  
  192  13:17  Hydralisk  
  195  13:35  Spine Crawler  
  194  13:43  Hatchery  
  172  13:58  Hydralisk x19  
  200  14:04  Zerg Melee Weapons Level 1, Adrenal Glands  
  200  14:22  Overlord  
  184  14:42  Hydralisk x12  
  198  14:50  Hydralisk  
  200  15:04  Spore Crawler  
  200  15:06  Spine Crawler  
  198  15:17  Baneling Nest  
  173  15:37  Hydralisk x12  
  193  15:46  Hydralisk  
  195  15:50  Overlord  
  179  16:00  Hydralisk x19  
  179  16:01  Hydralisk x8  
  189  16:11  Hydralisk x3  
  189  16:12  Hydralisk x2  
  195  16:19  Hatchery  
  195  16:24  Overseer  
  194  16:27  Zerg Melee Weapons Level 2  
  194  16:30  Drone  
  194  16:31  Drone x5  
  200  16:33  Unknown  
  165  16:54  Hydralisk x11  
  165  16:55  Hydralisk x9  
  187  17:15  Spore Crawler, Spine Crawler  
  186  17:17  Spine Crawler  
  185  17:25  Overseer x3  
  184  17:50  Hatchery  
  183  17:56  Zergling x6  
  183  17:57  Zergling x28  
  200  17:59  Centrifugal Hooks  
  180  18:13  Hydralisk x10  
  162  18:27  Hydralisk x8  
  162  18:28  Zergling x2  
  162  18:29  Zergling x18  
  178  18:41  Baneling x7  
  178  18:45  Baneling x8  
  178  18:46  Zergling x2, Baneling x11  
  178  18:47  Zergling x18  
  188  19:01  Overlord x4  
  188  19:15  Baneling x7  
  188  19:23  Overseer  
  188  19:24  Overseer x2  
  188  19:30  Zergling x24  
Tags
 
Add a new tag
Caveats
  • Supply blocks, unpowered buildings, or Contaminate may cause inaccurate times.
  • Supply counts are checked every 10 seconds.